 Dungeon Crawl Stone Soup version 0.27.1 (webtiles) character file.

Game seed: 11666292697207089562

3 ABBCCCDDDD the Sneak (level 1, 0/16 HPs)
             Began as an Octopode Delver on Sept 4, 2021.
             Was an Initiate of Dithmenos.
             Slain by an adder (5 damage)
             ... on level 3 of the Dungeon.
             The game lasted 00:04:34 (894 turns).

ABBCCCDDDD the Sneak (Octopode Delver)               Turns: 894, Time: 00:04:35

Health: 0/16       AC:  1    Str: 11    XL:     1   Next: 50%
Magic:  1/1        EV: 13    Int: 12    God:    Dithmenos [......]
Gold:   31         SH:  0    Dex: 13    Spells: 0/0 levels left

rFire    . . .     SeeInvis .   a - +0 short sword
rCold    . . .     Faith    .   (no shield)
rNeg     . . .     Spirit   .   (helmet restricted)
rPois    .         Reflect  .   (no amulet)
rElec    .         Harm     .   (no ring)
rCorr    .         Rampage  .   (no ring)
Will     .....                  (no ring)
Stlth    ++++......             (no ring)
HPRegen  0.05/turn              (no ring)
MPRegen  0.07/turn              (no ring)
                                (no ring)
                                (no ring)

@: no status effects
A: almost no armour, amphibious, 8 rings, camouflage 1, gelatinous body 1,
(nimble swimmer 1), tentacles
a: Renounce Religion


You were on level 3 of the Dungeon.
You worshipped Dithmenos.
Dithmenos was noncommittal.
You visited 2 branches of the dungeon, and saw 4 of its levels.

You collected 31 gold pieces.

Inventory:

Hand Weapons
 a - a +0 short sword (weapon)
 h - a +0 hunting sling
Wands
 f - a wand of digging (3)
Scrolls
 b - a scroll of fog
 c - a scroll of magic mapping
 d - a scroll of fear
 g - a scroll of brand weapon {unknown}
Potions
 e - a potion of haste


   Skills:
 + Level 3.1 Fighting
 + Level 2.1 Short Blades
 - Level 2.0 Dodging
 - Level 6.6 Stealth


You couldn't memorise any spells.
You didn't know any spells.
Your spell library was empty.

Dungeon Overview and Level Annotations

Branches:
Dungeon (5/15)             Temple (1/1) D:5

Altars:
Ashenzari
Dithmenos
Elyvilon
Hepliaklqana
Kikubaaqudgha
Makhleb
Okawaru
Ru
Sif Muna
Trog
Uskayaw
Wu Jian
The Shining One

Annotations:
D:5 exclusion: upstairs, Eustachio


Innate Abilities, Weirdness & Mutations

You cannot wear most types of armour.
You are amphibious.
You can wear up to eight rings at the same time.
Your skin changes colour to match your surroundings (Stealth+).
Your rubbery body absorbs attacks. (AC +1, EV +1)
((You are camouflaged near water. (Stealth+)))
You have tentacles for arms and can constrict up to eight enemies at once.


Message History

h - a +0 hunting sling You now have 31 gold pieces (gained 9).
As you open the door, it creaks loudly!
There is an open door here.
You open the door.
There is an open door here.
Found a stone staircase leading up.
You open the door.
An orc comes into view. It is wielding a +0 club.
There is an open door here.
There is a stone staircase leading up here.
You climb upwards.
The dart slug launches a dart at you. The slug dart hits you.
Found a scroll labelled FAIPHE VEABE and a book of Rime.
Found a stone staircase leading up.
There is a stone staircase leading down here.
A phantom comes into view.
The dart slug launches a dart at you.
The slug dart hits you. 2 orcs come into view.
There is a stone staircase leading up here.
The helpless hobgoblin fails to defend itself.
You impale the hobgoblin!!
You kill the hobgoblin!
Dithmenos accepts your kill.
The orc shouts!
You climb upwards.
There is a stone staircase leading down here.
The adder hisses angrily.
Found 8 gold pieces.
The adder barely misses you.
You hit the adder but do no damage. You grab the adder.
You constrict the adder. The adder bites you.
You hit the adder.
The adder is moderately wounded.
You constrict the adder. The adder misses you. The adder closely misses you.
You hit the adder.
The adder is severely wounded.
You constrict the adder. The adder bites you.
You die...

## # $. .. ..
.###. # . ....
.# #. #.. ...
.#..#.S#####...#
.......@.......b
##..............
........>.......
......######...#
##.#.# ... #.#..
.# ##.# #.


You could see an adder.

Levels and vault maps discovered:
D:3:      layout_loops_cross, zin_scriptorium
D:4:      layout_cave_pods, marbit_many_paths, jmf_multi_god_temple,
          serial_shops, nicolae_shop_waterfront, st_stairs_9, uniq_edmund,
          uniq_crazy_yiuf_cottage
D:5:      layout_gridville, gammafunk_temple_overflow_elements,
          minmay_temple_entry_statues_pillars, uniq_eustachio
Temple:   nicolae_temple_figure_eight

Notes
Turn   | Place    | Note
-------+----------+-------------------------------------------
     0 | D:5      | ABBCCCDDDD the Octopode Delver began the quest for the Orb.
     0 | D:5      | Reached XP level 1. HP: 16/16 MP: 1/1
   266 | D:5      | Noticed a water moccasin
   299 | D:5      | Found a staircase to the Ecumenical Temple.
   310 | Temple   | Entered the Ecumenical Temple
   525 | Temple   | Became a worshipper of Dithmenos the Shadowed
   594 | D:5      | Noticed Eustachio
   885 | D:4      | Noticed a phantom
   894 | D:3      | Slain by an adder

Table legend: (Time is in decaauts)
 A = Elapsed time spent in this place.
 B = Non-inter-level travel time spent in this place.
 C = Inter-level travel time spent in this place.
 D = Time resting spent in this place.
 E = Time spent auto-exploring this place.
 F = Levels seen in this place.
 G = Mean time per level.
                   A        B        C        D        E       F      G
               +--------+--------+--------+--------+--------+-----+--------+
         Total |    894 |    869 |     25 |    147 |    194 |   4 |  223.5 |
       Dungeon |    653 |    653 |      0 |    147 |      0 |   3 |  217.7 |
        Temple |    241 |    216 |     25 |      0 |    194 |   1 |  241.0 |
               +--------+--------+--------+--------+--------+-----+--------+

Top non-repeatable levels by time:
     D:5: 641 daAuts
  Temple: 241 daAuts
     D:4: 7 daAuts
     D:3: 4 daAuts

Table legend:
 A = Kills in this place as a percentage of kills in entire the game.
 B = Kills by you in this place as a percentage of kills by you in the entire game.
 C = Kills by friends in this place as a percentage of kills by friends in the entire game.
 D = Other kills in this place as a percentage of other kills in the entire game.
 E = Experience gained in this place as a percentage of experience gained in the entire game.
 F = Experience gained in this place divided by the number of levels of this place that you have seen.
                   A       B       C       D       E      F
               +-------+-------+-------+-------+-------+----------------------
         Total | 100.0 | 100.0 |   N/A |   N/A | 100.0 |   1.2
       Dungeon | 100.0 | 100.0 |   N/A |   N/A | 100.0 |   1.7
               +-------+-------+-------+-------+-------+----------------------

Action                   || total
-------------------------++-------
Melee: Short sword       ||     8
       Constrict         ||     2
       Tentacles         ||     1
 Stab: Sleeping          ||     1
Dodge: Dodged            ||     3

Vanquished Creatures
  An orc (D:5)
  A hobgoblin (D:4)
2 creatures vanquished.
